 Dungeon Crawl Stone Soup version 0.16.1-12-gf5c4a84 (webtiles) character file.

211 Thalios the Skirmisher (level 5, -1/38 HPs)
             Began as a Gargoyle Fighter on Apr 9, 2015.
             Slain by a centaur (4 damage)
             ... on level 4 of the Dungeon.
             The game lasted 00:09:59 (2896 turns).

Thalios the Skirmisher (Gargoyle Fighter)           Turns: 2896, Time: 00:09:59

Health: -1/38      AC: 13    Str: 24    XL:     5   Next: 88%
Magic:  5/5        EV:  5    Int: 10    God:
Gold:   149        SH:  9    Dex:  9    Spells: 0 memorised, 4 levels left

rFire  . . .     SeeInvis .     k - +2 whip (elec)
rCold  . . .     Clarity  .     y - +0 chain mail
rNeg   + . .     SustAb   .     c - +0 shield
rPois  ∞         Gourm    .     (no helmet)
rElec  +         Spirit   .     (no cloak)
rCorr  .         Warding  .     (no gloves)
rMut   .         Stasis   .     (no boots)
MR     .....                    (no amulet)
Stlth  ..........               (no ring)
                                (no ring)

@: mighty, not resistant to hostile enchantments, extremely unstealthy
A: negative energy resistance 1, electricity resistance, unbreathing,
petrification resistance, rot immunity, AC +4
a: no special abilities


You were on level 4 of the Dungeon.
You were hungry.

You visited 1 branch of the dungeon, and saw 4 of its levels.

You collected 149 gold pieces.

Inventory:

Hand weapons
 k - a +2 whip of electrocution (weapon)
Missiles
 g - 107 stones (quivered)
 h - 47 bolts
 n - 6 arrows of dispersal
 x - 2 tomahawks
Armour
 c - a +0 shield (worn)
 y - a +0 chain mail (worn)
Scrolls
 f - 4 scrolls of enchant armour {unknown}
 i - 4 scrolls of identify {unknown}
 j - 4 scrolls of blinking {unknown}
 l - 2 scrolls of noise {unknown}
 m - a scroll of fear {unknown}
 o - 2 scrolls of remove curse {unknown}
 s - a scroll of immolation {unknown}
 u - a scroll of magic mapping {unknown}
Potions
 e - 2 potions of might
 p - a potion of restore abilities {unknown}
 r - a potion of haste {unknown}
 v - a potion of curing {unknown}
 w - a potion of flight {unknown}
Comestibles
 d - 5 bread rations
 q - a meat ration
 t - 4 fruits


   Skills:
 + Level 7.0 Fighting
 - Level 2.0 Maces & Flails
 - Level 3.2 Armour
 - Level 3.2 Shields


You had 4 spell levels left.
You didn't know any spells.

Dungeon Overview and Level Annotations

Branches:
Dungeon (4/15)
 Temple: D:4-7

Altars:
Ashenzari
Gozag
Okawaru


Innate Abilities, Weirdness & Mutations

You are resistant to torment.
You are immune to poison.
Your stone body is very resilient (AC +4).
You resist negative energy.
You are resistant to electric shocks.
You can survive without breathing.
You are immune to petrification.
You are immune to rotting.


Message History

You hit the scorpion but do no damage.
The scorpion is almost dead.
The centaur shoots an arrow of frost.
You block the arrow of frost. The scorpion stings you.
You hit the scorpion but do no damage.
The scorpion is almost dead.
The centaur shoots an arrow of frost.
The arrow of frost hits you. The arrow of frost freezes you.
The scorpion stings you.
* * * LOW HITPOINT WARNING * * *
The scorpion stings you.
* * * LOW HITPOINT WARNING * * *
The centaur unwields an uncursed shortbow.
The centaur hits you.
* * * LOW HITPOINT WARNING * * *
Drink which item? (? for menu, Esc to quit)
You feel very mighty all of a sudden.
The centaur hits you but does no damage.
You block the scorpion's attack. The centaur hits you.
You die...

........... .._..8.._...#
.............
...........# #
#+####........#### #.
.......#.........# #. #.#
#....(# # #. #.#
#.#(sc##.##.# #. #.#
#.....@.....# #. #.#
#....###.#### #.
#.####......# ..
#.###.<.......#.######
#..).........##......#
.####).###..........###
.......###...............
.#.........P#+##..#####P.
#######....# #..#


You could see a centaur and a scorpion.

Vanquished Creatures
  An orc wizard (D:4)
  Natasha (D:3)
  Ijyb (D:3)
  Terence (D:3)
  4 adders
  5 worms
  A giant gecko (D:2)
  An ooze (D:2)
  3 orcs (D:4)
  A ball python (D:2)
  4 giant cockroaches
  6 hobgoblins
  4 jackals (D:1)
  6 kobolds
  7 bats
  5 giant newts
  6 goblins
  9 rats
66 creatures vanquished.

Notes
Turn   | Place    | Note
--------------------------------------------------------------
     0 | D:1      | Thalios, the Gargoyle Fighter, began the quest for the Orb.
     0 | D:1      | Reached XP level 1. HP: 14/14 MP: 1/1
   260 | D:1      | Reached XP level 2. HP: 20/20 MP: 2/2
   264 | D:1      | Reached skill level 4 in Fighting
   807 | D:1      | Reached XP level 3. HP: 24/24 MP: 3/3
  1120 | D:2      | Found an opulent altar of Gozag.
  1222 | D:2      | Reached skill level 5 in Fighting
  1319 | D:2      | Reached XP level 4. HP: 28/31 MP: 4/4
  2212 | D:3      | Noticed Ijyb
  2223 | D:3      | Killed Ijyb
  2223 | D:3      | Reached skill level 6 in Fighting
  2304 | D:3      | Reached XP level 5. HP: 36/36 MP: 5/5
  2404 | D:3      | Noticed Natasha
  2412 | D:3      | Killed Natasha
  2418 | D:3      | Noticed Terence
  2422 | D:3      | Killed Terence
  2810 | D:4      | Reached skill level 7 in Fighting
  2883 | D:4      | Found a shattered altar of Ashenzari.
  2883 | D:4      | Found an iron altar of Okawaru.
  2885 | D:4      | Noticed a centaur
  2896 | D:4      | Slain by a centaur

Action                   |  1- 3 |  4- 6 || total
-------------------------+-------+-------++-------
Melee: Flail             |    33 |       ||    33
       Whip              |    61 |   135 ||   196
Throw: Stone             |    26 |       ||    26
  Use: Potion            |       |     1 ||     1
  Eat: Chunk             |     1 |     5 ||     6
